[Event "*** Titled Tuesday Blitz"]
[Site "Chess.com"]
[Date "2021.03.09"]
[Round "3"]
[White "Reader777"]
[Black "ErikBlomqvist"]
[Result "0-1"]
[WhiteElo "2808"]
[BlackElo "2580"]
[TimeControl "180+1"]
[EndTime "10:29:47 PST"]
[Termination "ErikBlomqvist won by resignation"]

1. d4 Nf6 2. c4 e6 3. Nc3 Bb4 4. e3 O-O 5. Bd3 d5 6. Nf3 dxc4 7. Bxc4 c5 8. O-O Bd7 9. a3 Ba5 10. Qe2 Bc6 11. Rd1 Qe7 12. Ne5 Rd8 13. Nxc6 Nxc6 14. d5 Ne5 15. e4 Bxc3 16. bxc3 Nxc4 17. Qxc4 exd5 18. exd5 Nxd5 19. Bd2 b6 20. Re1 Qf6 21. Rad1 Nc7 22. Be3 h6 23. a4 Rxd1 24. Rxd1 Rd8 25. Re1 Qf5 26. h3 Qd3 27. Qb3 Qd5 28. Qc2 Qc4 29. g3 Rd3 30. Bd2 Ne6 31. Qd1 Qd5 32.
Re2 Rxc3 33. Qe1 Rd3 34. Kh2 c4 35. Be3 c3 36. Qg1 Qc4 37. Re1 c2 38. Rc1 Ra3 39.
Qg2 Qc8 40. Qd5 Rxa4 41. Qd2 Rc4 42. Qd3 Qc7 43. Qb3 a5 44. Bxb6 Qc6 45. Bxa5 Nd4 46. Bc3 Nxb3 0-1

[Event "*** Titled Tuesday Blitz"]
[Site "Chess.com"]
[Date "2021.03.09"]
[Round "3"]
[White "IMVoja"]
[Black "dozer80"]
[Result "0-1"]
[WhiteElo "2414"]
[BlackElo "2587"]
[TimeControl "180+1"]
[EndTime "10:29:47 PST"]
[Termination "dozer80 won on time"]

1. e4 c5 2. Nf3 e6 3. d3 Nc6 4.
g3 g6 5. Bg2 Bg7 6. O-O Nf6 7.
Nbd2 O-O 8. Re1 d5 9. c3 a5 10. a3 b6 11. e5 Nd7 12. d4 Ba6 13. Bf1 cxd4 14. cxd4 b5 15. Bh3 b4 16. Nf1 h6 17.
Ne3 Ne7 18. Bf1 Bxf1 19. Rxf1 Qb6 20. a4 Rac8 21. h4 Rc6 22. h5 g5 23. Qd3 Qa6 24. Qxa6 Rxa6 25. Bd2 f6 26. Ng4 fxe5 27. Nfxe5 Nxe5 28. Nxe5 Bxe5 29. dxe5 Rc6 30. Rac1 Rfc8 31. Rxc6 Rxc6 32. Rc1 Kg7 33. f4 Rxc1+ 34. Bxc1 g4 35. Be3 Nc6 36. Bc5 b3 37. Kf2 Nb8 38. Ke3 Na6 39. Bd6 Kf7 40. Kd4 Ke8 41. f5 exf5 42. Kxd5 f4 43. Ke4 f3 44. Ke3 Nb4 0-1

[Event "*** Titled Tuesday Blitz"]
[Site "Chess.com"]
[Date "2021.03.09"]
[Round "3"]
[White "ChessQueen"]
[Black "beautroll"]
[Result "1-0"]
[WhiteElo "2773"]
[BlackElo "2455"]
[TimeControl "180+1"]
[EndTime "10:29:47 PST"]
[Termination "ChessQueen won by checkmate"]

1. e4 c5 2. c3 d5 3. exd5 Qxd5 4.
d4 Nf6 5. Nf3 Bg4 6. Be2 e6 7.
h3 Bh5 8. c4 Qd7 9. d5 exd5 10.
cxd5 Bd6 11. Nh4 Bg6 12. Nc3 O-O 13. Nxg6 hxg6 14. O-O a6 15. a4 Qc7 16. Bg5 Nbd7 17.
a5 Rfe8 18. Re1 Rac8 19. Qc2 c4 20. Be3 Bc5 21. Bf1 Bxe3 22. fxe3 Qe5 23. e4 Nc5 24. Rad1 Ncxe4 25. Nxe4 Nxe4 26. Bxc4 Qf4 27. Rd4 f5 28. d6+ Rxc4 29. Qxc4+ Kh7 30. Qc2 Qe5 31. Red1 Rd8 32.
d7 Nf6 33. Rh4+ Nh5 34. Qf2 Qe7 35. g4 fxg4 36. hxg4 Rf8 37. d8=Q Rxd8 38. Rxd8 Qxd8 39. gxh5 g5 40. Re4 Qd1+ 41. Kg2 Qxh5 42. Qg3 Qd1 43.
Qh3+ Kg6 44. Re6+ Kf7 45. Qf5+ Kg8 46. Re8# 1-0

[Event "*** Titled Tuesday Blitz"]
[Site "Chess.com"]
[Date "2021.03.09"]
[Round "3"]
[White "goldihouse"]
[Black "Kotofeyca"]
[Result "1-0"]
[WhiteElo "2558"]
[BlackElo "2371"]
[TimeControl "180+1"]
[EndTime "10:29:47 PST"]
[Termination "goldihouse won on time"]

1. c4 c6 2. g3 d5 3. Nf3 Nf6 4. Bg2 Bg4 5. cxd5 cxd5 6. Ne5 Bf5 7.
Qb3 Qc7 8. Nc3 Nbd7 9. Nxd7 Qxd7 10. Nxd5 Be6 11. Nxf6+ exf6 12. Qxb7 Rc8 13. Qxd7+ Kxd7 14. O-O Bd6 15. Re1 f5 16. d3 Rc2 17. Be3 Rxb2 18.
Bxa7 Rxa2 19. Rxa2 Bxa2 20. Bd4 Rg8 21. Ra1 Be6 22.
Ra7+ Bc7 23. Be5 Rc8 24. Bxg7 Ke8 25. Bb7 Rb8 26. Bc6+ Kd8 27. Bf6+ Kc8 28. Ra8 Rxa8 29. Bxa8 Kd7 30. Kg2 Bb6 31. e3 Kd6 32. d4 Ba5 33.
Kf3 Be1 34. Ke2 Ba5 35. Kf3 Be1 36. Bb7 Ba5 37. Kf4 Be1 38. f3 Bf2 39. Ba6 Bg1 40.
h4 Bf2 41. Bd3 Kc6 42. Be5 Kd7 43. h5 Ke7 44. h6 f6 45. Bc7 Kf7 46. Bxf5 Bxf5 47.
Kxf5 Bxe3 48. d5 Bxh6 49. d6 Ke8 50. Ke6 Kf8 51. d7 1-0

[Event "*** Titled Tuesday Blitz"]
[Site "Chess.com"]
[Date "2021.03.09"]
[Round "3"]
[White "Lagmantr"]
[Black "kekic76"]
[Result "1-0"]
[WhiteElo "2728"]
[BlackElo "2349"]
[TimeControl "180+1"]
[EndTime "10:29:47 PST"]
[Termination "Lagmantr won by resignation"]

1. d3 d5 2. Nd2 c5 3. b3 Nc6 4. Bb2 Nf6 5. g3 e6 6. Bg2 Be7 7. e3 O-O 8. Ne2 b6 9. O-O Bb7 10. h3 Rc8 11. Kh2 h6 12. a3 Bd6 13. c4 Qc7 14. f4 Be7 15. Qe1 Rfd8 16. Rd1 dxc4 17. Nxc4 Nd5 18. e4 Nf6 19. e5 Nd5 20. f5 b5 21.
fxe6 fxe6 22. Nd6 Bxd6 23. exd6 Qxd6 24. Nc3 Nxc3 25. Qxc3 Rc7 26. Rc1 Nd4 27. Bxb7 Rxb7 28. Rf2 Qd5 29. Qxc5 Nf3+ 30. Kh1 Qxd3 31. Qc6 Rf7 32.
Qxe6 Ng5 33. Qe5 Qd5+ 34. Qxd5 Rxd5 35. Rxf7 Nxf7 36. Rc8+ Kh7 37. Bc3 Rd3 38. Rc7 Kg6 39. Kg2 h5 40. Kf2 h4 41. gxh4 Rxh3 42. Bd2 Rxh4 43. Rxa7 Rh3 44. b4 Ne5 45. Ke2 Nc4 46. Bc1 Rc3 47. Kd1 Kf6 48. Rb7 Nxa3 49. Bb2 1-0

[Event "*** Titled Tuesday Blitz"]
[Site "Chess.com"]
[Date "2021.03.09"]
[Round "3"]
[White "Politov_Pavel"]
[Black "garicradomir"]
[Result "1-0"]
[WhiteElo "2423"]
[BlackElo "2222"]
[TimeControl "180+1"]
[EndTime "10:29:47 PST"]
[Termination "Politov_Pavel won on time"]

1. d4 Nf6 2. c4 Nc6 3. d5 Ne5 4. b3 e6 5. dxe6 fxe6 6. Bb2 Bb4+ 7. Nc3 O-O 8. a3 Be7 9. Nf3 Nxf3+ 10. exf3 b6 11. Bd3 Bb7 12. O-O Qe8 13. Re1 a6 14. Qd2 Qh5 15. Rad1 Rad8 16. Ne4 Nxe4 17. Bxe4 d5 18.
Bxd5 Bxd5 19. cxd5 Rxd5 20. Qe3 Rxd1 21. Rxd1 Qf5 22.
Re1 Bf6 23. g4 Qd5 24. Bxf6 Rxf6 25. Kg2 Kf7 26. h4 h5 27. g5 Rf5 28. b4 Ke7 29. Rc1 Kd7 30. Rc3 Kc8 31. Rd3 Qc6 32. Rc3 Qd5 33. Qxb6 Qxf3+ 34. Rxf3 cxb6 35. Rxf5 exf5 36.
Kg3 Kd7 37. Kf4 Ke6 38. g6 Kf6 39. a4 b5 40. a5 Kxg6 41. Ke5 f4 42. Kxf4 Kf6 43.
Kg3 Kf5 44. f3 g6 45. Kg2 1-0

[Event "*** Titled Tuesday Blitz"]
[Site "Chess.com"]
[Date "2021.03.09"]
[Round "3"]
[White "AurumO"]
[Black "chesslh19"]
[Result "0-1"]
[WhiteElo "1973"]
[BlackElo "2287"]
[TimeControl "180+1"]
[EndTime "10:29:47 PST"]
[Termination "chesslh19 won by resignation"]

1. e4 c5 2. c3 Nf6 3. e5 Nd5 4. Nf3 d6 5. exd6 e6 6. Bc4 Bxd6 7. d4 cxd4 8. cxd4 O-O 9. O-O Nc6 10. Nc3 Nxc3 11.
bxc3 b6 12. Be3 Bb7 13. Rc1 Rc8 14. Bd3 Be7 15. Qe2 Bf6 16. Rfd1 Re8 17. Bb1 Qe7 18. Qd3 g6 19. Bh6 Red8 20. Qe2 Bg7 21. Bxg7 Kxg7 22. Ne5 Nxe5 23. Qxe5+ Qf6 24. Qe3 Bd5 25. Be4 Rc7 26. Bxd5 exd5 27. Qe5 Qxe5 28. dxe5 f6 29. exf6+ Kxf6 30. Rd3 Rdc8 31. f3 Rc4 32. Kf2 d4 33. Rc2 Rxc3 34.
Rcd2 Rxd3 35. Rxd3 Ke5 36. Kg3 Rc2 37. Ra3 Kd5 38.
Rxa7 d3 39. Rd7+ Kc4 40. Rc7+ Kb4 41. Rd7 d2 42. h4 Rxa2 43. Kg4 Kc3 44. Rc7+ Kd3 45.
Rd7+ Ke2 46. Re7+ Kf2 47. Rd7 Kxg2 48. h5 gxh5+ 49. Kxh5 Kxf3 50. Kh6 Ke2 51. Kxh7 d1=Q 52. Rxd1 Kxd1 0-1

[Event "*** Titled Tuesday Blitz"]
[Site "Chess.com"]
[Date "2021.03.09"]
[Round "3"]
[White "ikhasu"]
[Black "Pilopa"]
[Result "1-0"]
[WhiteElo "2391"]
[BlackElo "2542"]
[TimeControl "180+1"]
[EndTime "10:29:48 PST"]
[Termination "ikhasu won on time"]

1. d4 Nf6 2. Bf4 d6 3. Nc3 c6 4.
e4 Qa5 5. Qd2 e5 6. Bg3 Nbd7 7.
Nf3 Be7 8. Be2 b5 9. dxe5 dxe5 10. Bd3 Nh5 11. O-O Nxg3 12. hxg3 Qc7 13. a4 b4 14. Nd1 O-O 15. Ne3 Nc5 16. Rfd1 Rd8 17.
Qe1 Nxd3 18. cxd3 Be6 19. d4 exd4 20. Nxd4 Bd7 21. Rac1 Rac8 22. b3 Bf8 23. Qe2 Qe5 24. Qf3 Be8 25. Nc4 Qg5 26. Nf5 g6 27. Nfe3 Bc5 28. Ng4 h5 29. Nf6+ Kg7 30. Nxe8+ Rxe8 31. Rc2 Rcd8 32. Rcd2 Rxd2 33. Rxd2 Qe7 34. e5 Qe6 35. Re2 Be7 36. Qe3 c5 37. Qe4 Rd8 38. Qb7 Rd1+ 39. Kh2 Bg5 40. Nd6 h4 41. gxh4 Bf4+ 42.
g3 1-0

[Event "*** Titled Tuesday Blitz"]
[Site "Chess.com"]
[Date "2021.03.09"]
[Round "3"]
[White "stepakyedael"]
[Black "gatocorbis"]
[Result "0-1"]
[WhiteElo "2305"]
[BlackElo "2109"]
[TimeControl "180+1"]
[EndTime "10:29:48 PST"]
[Termination "gatocorbis won on time"]

1. d4 Nf6 2. c4 c5 3. d5 b5 4.
cxb5 a6 5. b6 Qxb6 6. Nc3 d6 7.
e4 g6 8. Nf3 Bg7 9. Nd2 Nbd7 10. Nc4 Qc7 11. a4 O-O 12. a5 Rb8 13. Be2 Ne5 14. Nxe5 dxe5 15. O-O Ne8 16. Qc2 Nd6 17. f3 Qa7 18. Be3 Bd7 19. Rfb1 Qb7 20. Bxc5 Rfc8 21.
Bb6 Nc4 22. Bxc4 Rxc4 23. Qd3 Rbc8 24. Rc1 Bh6 25. Rd1 Rb4 26. Rab1 Bb5 27. Nxb5 Rxb5 28. b4 Rxb6 29. axb6 Qxb6+ 30. Kh1 Qf2 31. Qf1 Qb6 32. Qe2 Rc3 33. Qb2 Qc7 34. b5 axb5 35. Qxb5 Kg7 36.
h3 Rc2 37. Qd3 Rc3 38. Qb5 Qc8 39. Qf1 Rc2 40. d6 exd6 41. Rxd6 Be3 42. Rdd1 Bf4 43.
Qd3 Qc7 0-1

[Event "*** Titled Tuesday Blitz"]
[Site "Chess.com"]
[Date "2021.03.09"]
[Round "3"]
[White "jannat65"]
[Black "IsaacWiebe"]
[Result "0-1"]
[WhiteElo "1939"]
[BlackElo "2286"]
[TimeControl "180+1"]
[EndTime "10:29:49 PST"]
[Termination "IsaacWiebe won by checkmate"]

1. e4 e6 2. Nf3 d5 3. exd5 exd5 4. d4 Nf6 5. Bd3 Bd6 6. O-O O-O 7. Bg5 Bg4 8. c3 Nbd7 9. Nbd2 c6 10. Qc2 h6 11. Bxf6 Nxf6 12. Ne5 Be6 13. f4 Nd7 14. f5 Nxe5 15. dxe5 Bc5+ 16. Kh1 Bd7 17. f6 g5 18. Nf3 Re8 19. Rae1 Bf8 20. Nd4 Qc7 21. e6 Bxe6 22.
Nxe6 Rxe6 23. Rxe6 fxe6 24. f7+ Kh8 25. Bh7 Qe5 26.
Qg6 Qg7 27. Qxe6 Qxh7 28. Qe8 Qd3 29. Rg1 Qf5 30. Qxa8 Qxf7 31. Qxa7 Bd6 32. Qd4+ Kh7 33. Qd3+ Kg7 34. Rf1 Qe7 35. Qf5 b5 36. b3 Bf4 37.
a4 bxa4 38. bxa4 Qe2 39. Rg1 Qh5 40. Qd7+ Kg8 41. Qc8+ Kg7 42. Qd7+ Kg8 43. Qh3 Qe2 44.
Qc8+ Kg7 45. Qxc6 Kh8 46. Qxh6+ Kg8 47. Qg6+ Kh8 48. Qf6+ Kg8 49. Qd8+ Kg7 50. Qxd5 Qh5 51. Qd7+ Kg8 52. Qh3 Qe2 53. a5 Qa6 54. Ra1 Be5 55. Qd7 Bxc3 56. Ra2 Qf1# 0-1

[Event "*** Titled Tuesday Blitz"]
[Site "Chess.com"]
[Date "2021.03.09"]
[Round "3"]
[White "witcher8"]
[Black "Gabrielian_Artur"]
[Result "0-1"]
[WhiteElo "2459"]
[BlackElo "2801"]
[TimeControl "180+1"]
[EndTime "10:29:52 PST"]
[Termination "Gabrielian_Artur won on time"]

1. e4 c5 2. Nc3 d6 3. f4 Nc6 4. Nf3 Nf6 5. Bc4 e6 6. O-O Be7 7. d3 O-O 8. h3 d5 9. Bb3 b5 10. e5 Nd7 11. Nxb5 Na5 12. c4 Nb6 13. Qe2 Bb7 14. Bd2 Nxb3 15. axb3 a6 16. Nc3 Qd7 17. Rfd1 Rad8 18. Be1 Qc6 19. Bf2 Rfe8 20. Kh2 f6 21. Na4 Nxa4 22. Rxa4 dxc4 23. dxc4 Rxd1 24. Qxd1 fxe5 25.
fxe5 Rf8 26. Qe2 g5 27. Ra1 h5 28. Bg3 Rf5 29. Rf1 h4 30. Be1 Bd8 31. Bc3 Bc7 32.
Kg1 a5 33. Nd2 Rxf1+ 34. Qxf1 Qe8 35. Qf6 Bd8 36. Qf2 Qc6 37. Nf3 Be7 38. Bxa5 Qe4 39.
Bc3 g4 40. hxg4 Qxg4 41. Kh2 h3 42. Qg3 Qxg3+ 43. Kxg3 hxg2 44. Ng1 Bg5 45. Kf2 Bh4+ 46. Ke2 Bg3 47. Nh3 Kf7 48. b4 cxb4 49. Bxb4 Bxe5 50.
b3 Bd4 51. Bd6 e5 0-1

[Event "*** Titled Tuesday Blitz"]
[Site "Chess.com"]
[Date "2021.03.09"]
[Round "3"]
[White "VFernandezB"]
[Black "CraiggoryC"]
[Result "0-1"]
[WhiteElo "2495"]
[BlackElo "2287"]
[TimeControl "180+1"]
[EndTime "10:29:52 PST"]
[Termination "CraiggoryC won by resignation"]

1. e4 d5 2. exd5 Nf6 3. d4 Bg4 4. Be2 Bxe2 5. Nxe2 Qxd5 6. O-O Nc6 7. Nbc3 Qh5 8. Ng3 Qxd1 9. Rxd1 O-O-O 10. Be3 e6 11. h3 Nb4 12. Rd2 Bd6 13. Nge4 Nxe4 14. Nxe4 Nd5 15. c4 Nxe3 16. fxe3 e5 17. d5 Be7 18. Rf1 Rhf8 19. g4 h5 20. g5 f5 21. gxf6 gxf6 22. Rdf2 Rg8+ 23. Kh2 b5 24. b3 c6 25. d6 Bxd6 26. Rxf6 Bc7 27. Rxc6 bxc4 28. Rxc4 Kb8 29. Rf7 Bb6 30. a4 Bxe3 31. Rcc7 Bg1+ 32. Kh1 Rd1 33. Rb7+ Ka8 34. Rg7 Be3+ 35. Kg2 Rg1+ 36. Kf3 R1xg7 37.
Rxg7 Rxg7 38. Kxe3 Rf7 39. Ng5 Rf4 40. Nf3 Rb4 41.
Nxe5 Rxb3+ 42. Kf4 Rxh3 43. Kg5 Ra3 44. Kxh5 Rxa4 45.
Kg6 a5 46. Kf5 Kb7 47. Nd3 Rd4 48. Nc5+ Kc6 49. Nb3 Ra4 50. Ke5 Kb5 51. Nd4+ Rxd4 52.
Kxd4 Kb4 53. Kd3 Kb3 54. Kd4 a4 55. Kc5 a3 56. Kb5 a2 57. Kc5 a1=Q 58. Kd5 Qc3 0-1

[Event "*** Titled Tuesday Blitz"]
[Site "Chess.com"]
[Date "2021.03.09"]
[Round "3"]
[White "shaheus"]
[Black "norwaytoadog"]
[Result "1-0"]
[WhiteElo "2407"]
[BlackElo "2203"]
[TimeControl "180+1"]
[EndTime "10:29:53 PST"]
[Termination "shaheus won on time"]

1. e4 c5 2. Nf3 d6 3. c3 Nf6 4.
Qb3 e6 5. d3 Be7 6. g3 Nc6 7. Bg2 O-O 8. O-O Rb8 9. a4 a6 10. Re1 e5 11. Nbd2 b5 12. axb5 axb5 13. Nf1 Be6 14. Qc2 b4 15. N3d2 Qb6 16. Ne3 Ra8 17.
Rxa8 Rxa8 18. Nd5 Qb7 19. Nc4 Ra1 20. Bd2 Rxe1+ 21. Bxe1 Bxd5 22. exd5 Nb8 23. Na5 Qa8 24. cxb4 Bd8 25. Nc6 Qa1 26. Kf1 Nxc6 27. dxc6 Bc7 28. bxc5 d5 29. Qb3 g6 30. Bxd5 Ba5 31. Qb8+ Kg7 32. Qxe5 Bxe1 33. Qxe1 Qxe1+ 34. Kxe1 Nxd5 35. Kd2 Kf8 36. d4 Ke7 37. Kd3 Kd8 38. Kc4 Nf6 39.
d5 Kc7 40. f3 g5 41. b4 g4 42. fxg4 Nxg4 43. b5 Ne3+ 44. Kd4 Nc2+ 45. Kc3 Ne3 46.
d6+ Kc8 47. Kd4 Nc2+ 48. Ke5 Nb4 49. d7+ Kd8 50. Kd6 1-0

[Event "*** Titled Tuesday Blitz"]
[Site "Chess.com"]
[Date "2021.03.09"]
[Round "3"]
[White "dolynachess"]
[Black "louis198"]
[Result "1-0"]
[WhiteElo "2431"]
[BlackElo "2593"]
[TimeControl "180+1"]
[EndTime "10:29:55 PST"]
[Termination "dolynachess won by checkmate"]

1. d4 e6 2. c4 d5 3. g3 g6 4. Bg2 Bg7 5. Nf3 Ne7 6. O-O O-O 7. Qd3 Nbc6 8. Nc3 Nf5 9. e3 Nce7 10.
b4 c6 11. a4 Nd6 12. Nd2 Nef5 13. Ba3 a5 14. b5 h5 15. h4 Bh6 16. Rac1 Bd7 17. Rc2 Re8 18. e4 dxe4 19. Ndxe4 Nxe4 20. Nxe4 Bg7 21. Bb2 Qc7 22. Rd1 Rad8 23. d5 e5 24.
d6 Qc8 25. c5 Nd4 26. Bxd4 exd4 27. b6 Re5 28. Re2 Rde8 29. Rde1 Bf5 30. Qd2 Bxe4 31. Rxe4 Rxe4 32. Rxe4 Rxe4 33. Bxe4 f5 34. Bf3 Bf6 35.
Kg2 Kg7 36. Qxa5 Qd7 37. Qa8 d3 38. Qb8 Bd8 39. a5 f4 40. gxf4 d2 41. a6 bxa6 42. b7 Qg4+ 43. Bxg4 hxg4 44. Qxd8 d1=Q 45. Qe7+ Kh6 46. Qg5+ Kg7 47. Qe7+ Kh6 48. Qe3 Qb1 49. d7 Qd1 50. b8=Q Qd5+ 51. Kg3 Qh1 52. f5+ Kg7 53.
Qe7+ Kh6 54. Qh8# 1-0

[Event "*** Titled Tuesday Blitz"]
[Site "Chess.com"]
[Date "2021.03.09"]
[Round "3"]
[White "InitiatingASC"]
[Black "VladaSviridova"]
[Result "1-0"]
[WhiteElo "2439"]
[BlackElo "2214"]
[TimeControl "180+1"]
[EndTime "10:29:55 PST"]
[Termination "InitiatingASC won on time"]

1. d4 d5 2. c4 c6 3. Nf3 Nf6 4.
Nc3 dxc4 5. a4 Bf5 6. e3 e6 7. Bxc4 Bb4 8. O-O O-O 9. Ne5 Nbd7 10. Qb3 Qb6 11. Rd1 Rad8 12. f4 Bxc3 13. bxc3 Qxb3 14. Bxb3 Nxe5 15. fxe5 Ne4 16. c4 a5 17. Ba3 Rfe8 18.
Ra2 Nc3 19. Rb2 Nxd1 20. Bxd1 Rd7 21. Bd6 Be4 22. Kf2 f6 23. Bf3 Bxf3 24. gxf3 fxe5 25.
Bxe5 Rf7 26. h4 h5 27. f4 Kh7 28. Kf3 g6 29. Ke4 Rc8 30. Bd6 Rd7 31. Ke5 Re8 32. c5 Kg7 33. Rg2 Kf7 34. e4 Red8 35. Rg5 b5 36. f5 exf5 37. exf5 gxf5 38. Rxh5 Kg6 39. Rg5+ Kh6 40. axb5 Re8+ 41. Kxf5 cxb5 42. Rg6+ Kh7 43. c6 Rf7+ 44. Kg5 b4 45. d5 b3 46. Ba3 Re5+ 47. Kg4 Kxg6 48. d6 Re4+ 49. Kg3 Rf8 50. d7 Rd8 51. c7 Rxd7 52. c8=Q Rd3+ 53. Kf2 Rd2+ 54. Kf3 Red4 55. Qc6+ Kh7 56. Qb7+ Rd7 57. Qe4+ Kg8 58. Qg6+ Kh8 59. Bb2+ 1-0

[Event "*** Titled Tuesday Blitz"]
[Site "Chess.com"]
[Date "2021.03.09"]
[Round "3"]
[White "ShimanovAlex"]
[Black "Grandmaster2B"]
[Result "1-0"]
[WhiteElo "2791"]
[BlackElo "2532"]
[TimeControl "180+1"]
[EndTime "10:29:56 PST"]
[Termination "ShimanovAlex won by resignation"]

1. g3 Nf6 2. Bg2 d5 3. Nf3 c6 4. c4 d4 5. O-O Bf5 6. d3 c5 7. b4 e6 8. bxc5 Bxc5 9. Ba3 Bxa3 10. Nxa3 Nc6 11. Rb1 Qd7 12. Qb3 Rb8 13. Qa4 O-O 14. Rb2 e5 15. Nd2 Rfc8 16. Rfb1 b6 17. Nb5 Na5 18.
Qa3 Ne8 19. Qb4 Nc6 20. Qa4 Na5 21. Qb4 Nc6 22. Qa4 Na5 23. Qd1 Nd6 24. a4 Ndxc4 25.
dxc4 Bxb1 26. Rxb1 Nxc4 27. Nxc4 Rxc4 28. Be4 a6 29.
Na3 Rxa4 30. Qb3 b5 31. Qxa4 Rc8 32. Qb3 g6 33. Nc2 Kg7 34. Ne1 f5 35. Qd5 Qc7 36. Bg2 Rd8 37. Qe6 d3 38. Nxd3 e4 39. Qe5+ Qxe5 40.
Nxe5 Kf6 41. Nc6 Rd6 42. Na5 Ke5 43. e3 Rd2 44. Bf1 Ra2 45. Nc6+ Kd6 46. Nb4 Ra4 47. Nxa6 Rxa6 48. Bxb5 Rb6 49. Bd3 Rc6 50. Bf1 Rc7 51.
h4 Ke5 52. Rb6 Rd7 53. Kg2 Rc7 54. Bb5 Kd5 55. Be2 Rc2 56. Bf1 Rc7 57. Rb8 Ke5 58.
Be2 Rc2 59. Bd1 Rc1 60. Bb3 Rb1 61. Rb6 1-0

[Event "*** Titled Tuesday Blitz"]
[Site "Chess.com"]
[Date "2021.03.09"]
[Round "3"]
[White "ChessSwole"]
[Black "KetiGrant"]
[Result "1-0"]
[WhiteElo "2541"]
[BlackElo "2351"]
[TimeControl "180+1"]
[EndTime "10:29:56 PST"]
[Termination "ChessSwole won on time"]

1. e4 c5 2. Nf3 Nc6 3. Bb5 g6 4. Bxc6 dxc6 5. Nc3 Bg7 6. h3 e5 7. d3 Qe7 8. Be3 Nf6 9. Qd2 h6 10. O-O-O Nd7 11. Kb1 Nf8 12. g3 Ne6 13. Nh2 g5 14. h4 Bd7 15. hxg5 hxg5 16. Ng4 O-O-O 17. f3 f6 18. Qg2 Nd4 19. Rxh8 Rxh8 20. Rh1 Qd8 21. Nd1 f5 22. exf5 Bxf5 23. Ndf2 c4 24. Bxd4 Qxd4 25.
Rxh8+ Bxh8 26. Qh1 Bg7 27. Qd1 cxd3 28. Nxd3 Bxd3 29. cxd3 e4 30. Qd2 exd3 31. Nf2 Be5 32. Nxd3 Bxg3 33. Qe2 Kd7 34. Kc2 Bd6 35. Qg2 Qc4+ 36.
Kd2 Bf4+ 37. Nxf4 Qxf4+ 38. Kc2 Qf5+ 39. Kc1 Qf4+ 40. Kc2 Kd6 41. a3 Qf5+ 42. Kc1 Qf4+ 43. Kb1 Kd5 44. Qe2 Qf5+ 45. Ka2 Qe6 46. Qd3+ Ke5+ 47.
Ka1 Qd5 48. Qe3+ Kf5 49. Qxa7 Qxf3 50. Qxb7 g4 51. Qf7+ Ke4 52. Qe6+ Kf4 53. Qd6+ Ke3 54. Qe5+ Kf2 55. Qh2+ 1-0

[Event "*** Titled Tuesday Blitz"]
[Site "Chess.com"]
[Date "2021.03.09"]
[Round "3"]
[White "BojanR1"]
[Black "night_player"]
[Result "0-1"]
[WhiteElo "2325"]
[BlackElo "2164"]
[TimeControl "180+1"]
[EndTime "10:29:56 PST"]
[Termination "night_player won by checkmate"]

1. d4 f5 2. e4 fxe4 3. Nc3 Nf6 4. Bg5 d5 5. Bxf6 exf6 6. Qh5+ g6 7. Qxd5 c6 8.
Qxe4+ Be7 9. Bc4 Bf5 10. Qe3 Bxc2 11. Qe6 Bf5 12. Qf7+ Kd7 13. d5 Qf8 14. dxc6+ bxc6 15. O-O-O+ Kc7 16. Nge2 Qxf7 17. Bxf7 Bd6 18. Nd4 Bf4+ 19. Rd2 Rd8 20. Nce2 Bxd2+ 21. Kxd2 c5 22. Rc1 Kb6 23. Ke3 cxd4+ 24. Nxd4 Na6 25. Rc6+ Kb7 26. Rxf6 Rac8 27. Nb3 Nc5 28. Na5+ Ka8 29. Nc6 Rd3+ 30. Kf4 Be4 31. f3 Bxc6 32. Bc4 Rd4+ 33. Kg5 Rxc4 34. b3 Rc2 35. Kh6 Rxg2 36. h4 Rxa2 37. Kxh7 Rh2 38.
Rf4 Ne6 39. Rc4 Kb7 40. Kxg6 Bxf3 41. Rb4+ Kc7 42. Kf6 Bd5 43. Rb5 Kc6 44. Ra5 Rc7 45.
Ke5 Bxb3 46. Ra3 Bc4 47. Rc3 Kc5 48. Rc1 a5 49. Ra1 Ra7 50. Rb1 Rxh4 51. Rb8 Nc7 52.
Rc8 a4 53. Rb8 a3 54. Rb1 a2 55. Rg1 a1=Q+ 56. Rxa1 Rxa1 57. Kf5 Rd1 58. Kg5 Re4 59. Kg6 Re2 60. Kf5 Rf1+ 61. Kg4 Rg2+ 62. Kh3 Rg8 63. Kh4 Rf7 64. Kh5 Rh7# 0-1

[Event "*** Titled Tuesday Blitz"]
[Site "Chess.com"]
[Date "2021.03.09"]
[Round "3"]
[White "erdni1993"]
[Black "GMKrikor"]
[Result "1-0"]
[WhiteElo "2515"]
[BlackElo "2721"]
[TimeControl "180+1"]
[EndTime "10:29:58 PST"]
[Termination "erdni1993 won on time"]

1. e4 c5 2. Nf3 d6 3. d4 cxd4 4.
Nxd4 Nf6 5. Nc3 a6 6. Bg5 Nbd7 7. Qd2 e6 8. a4 b6 9. Bc4 Bb7 10. f3 h6 11. Be3 Ne5 12. Ba2 Rc8 13. Rd1 Qc7 14.
O-O Nc4 15. Bxc4 Qxc4 16. Nb3 Qc7 17. Qf2 Nd7 18. Qg3 Ne5 19. Bd4 h5 20. Qf2 Nc4 21. Ne2 e5 22. Bc3 Be7 23. Nd2 Nxd2 24. Rxd2 O-O 25.
Kh1 Rfd8 26. Rfd1 g6 27. b3 Rd7 28. Bb2 Rcd8 29. c4 b5 30. axb5 axb5 31. cxb5 d5 32. exd5 Rxd5 33. Rxd5 Rxd5 34. Rxd5 Bxd5 35. b6 Qc2 36.
Bxe5 Bc5 37. Qe1 Bxb6 38. Nf4 Bxb3 39. Bc3 Ba4 40. Nd5 Bd8 41. h3 Qd1 42. Qxd1 Bxd1 43.
Nf6+ Kf8 44. Ne4 Bc2 45. Bb4+ Kg7 46. Kg1 Bc7 47. Kf2 f6 48. Bc5 Kf7 49. Nd2 Bd3 50. g4 h4 51. Kg2 Ba6 52. Bf2 g5 53. Ne4 Bc4 54. Bd4 1-0

[Event "*** Titled Tuesday Blitz"]
[Site "Chess.com"]
[Date "2021.03.09"]
[Round "3"]
[White "Sadykov_Ramil"]
[Black "AsaHoffmann"]
[Result "0-1"]
[WhiteElo "2575"]
[BlackElo "2413"]
[TimeControl "180+1"]
[EndTime "10:29:58 PST"]
[Termination "AsaHoffmann won by checkmate"]

1. d4 Nf6 2. Nc3 d6 3. e4 c6 4. f4 Qa5 5. Bd3 e5 6. Nf3 exd4 7. Nxd4 Qb6 8. Be2 Be7 9. O-O O-O 10. Kh1 Re8 11. a4 a5 12. Bf3 Na6 13. g4 Bf8 14. g5 Nd7 15. b3 Ndc5 16. Be3 Nb4 17. Qd2 g6 18. Bg2 Bg7 19. f5 Be5 20. Qf2 Rf8 21.
Qh4 d5 22. f6 h5 23. exd5 cxd5 24. Bf3 Ne4 25. Nxe4 dxe4 26. Qxe4 Re8 27. Rad1 Bh3 28.
Qxb7 Qxb7 29. Bxb7 Bxf1 30. Bxa8 Rxa8 31. Rxf1 Bxd4 32. Bxd4 Nxc2 33. Bc3 Ne3 34. Re1 Nd5 35. Bd2 Rb8 36. Bxa5 Rxb3 37. Re8+ Kh7 38. Rf8 Rb7 39.
Kg2 Nf4+ 40. Kf3 Ne6 41. Re8 Nxg5+ 42. Kf4 Ne6+ 43. Ke5 g5 44. Rxe6 fxe6 45. Kxe6 Kg6 46. Bd8 g4 47. a5 h4 48. a6 Ra7 49. Be7 Rxa6+ 50. Ke5 Kf7 51. Kf4 Ra4+ 52. Ke3 g3 53. hxg3 h3 54. Kf3 Ra2 55. g4 h2 56. g5 h1=Q+ 57.
Kg4 Ra4+ 58. Kf5 Qe4# 0-1

[Event "*** Titled Tuesday Blitz"]
[Site "Chess.com"]
[Date "2021.03.09"]
[Round "3"]
[White "NikolaGry"]
[Black "mishanick"]
[Result "0-1"]
[WhiteElo "2661"]
[BlackElo "3007"]
[TimeControl "180+1"]
[EndTime "10:29:59 PST"]
[Termination "mishanick won by resignation"]

1. d4 Nf6 2. Nc3 d5 3. Bg5 e6 4. e4 dxe4 5. Nxe4 Nbd7 6. Nf3 h6 7. Nxf6+ Nxf6 8. Bxf6 Qxf6 9. Bb5+ c6 10. Bd3 Bd6 11.
c3 O-O 12. Qe2 Rd8 13. O-O-O b5 14. Qe4 Bb7 15. Ne5 Rab8 16. f4 c5 17. Qe3 cxd4 18.
cxd4 Bd5 19. Kb1 b4 20. b3 Rbc8 21. Rhf1 Rc3 22. g4 Bxe5 23. fxe5 Qh4 24. Qf4 Rd7 25. Bb5 Rdc7 26. Rd2 Qg5 27. Qxg5 hxg5 28. Rdf2 Re3 29.
Be8 Be4+ 30. Kb2 Bg6 31. d5 exd5 32. e6 Rxe6 33. Bb5 Re3 34. Rd2 Rc5 35. Bd7 Be4 36. Bf5 g6 37. Bxe4 Rxe4 38. h3 a5 39. Rf3 Kg7 40. Rfd3 Re5 41. a3 f5 42. axb4 axb4 43. Rd4 Rb5 44. Rc2 Re4 45. Rc7+ Kf6 46. Rc6+ Ke5 47.
Rd2 fxg4 48. Rxg6 Kf5 49. Rg8 gxh3 50. Rf2+ Rf4 51. Rh2 Kg4 52. Rh1 Rf2+ 53. Kb1 Rc5 54. Rg1+ Rg2 0-1

[Event "*** Titled Tuesday Blitz"]
[Site "Chess.com"]
[Date "2021.03.09"]
[Round "3"]
[White "Geller_Jakov"]
[Black "Murad_Ibrahimli"]
[Result "0-1"]
[WhiteElo "2608"]
[BlackElo "2879"]
[TimeControl "180+1"]
[EndTime "10:29:59 PST"]
[Termination "Murad_Ibrahimli won on time"]

1. e4 e5 2. Nf3 Nc6 3. Bc4 Bc5 4. d3 Nf6 5. O-O d6 6. c3 O-O 7. h3 h6 8. a4 a6 9. Re1 Ba7 10. Nbd2 Ne7 11. Nf1 Ng6 12. Ng3 c6 13. Bb3 Re8 14. d4 exd4 15. cxd4 c5 16. a5 cxd4 17. Nxd4 d5 18.
Ndf5 Nxe4 19. Nxe4 Bxf5 20. Qxd5 Be6 21. Qxd8 Raxd8 22. Bxe6 Rxe6 23. Be3 Rxe4 24. Bxa7 Rb4 25. Re2 Rd7 26.
g3 f6 27. Bc5 Rb5 28. b4 Ne5 29. Kg2 Nd3 30. Re8+ Kh7 31. Rc8 Nxb4 32. h4 Nc6 33. Bf8 Rxa5 34. Re1 Re5 35. Rb1 Rd8 36. Rxd8 Nxd8 37. Bd6 Rd5 38. Bc7 b5 39. Ra1 Ne6 40. Bb6 Rd6 41. Be3 h5 42. Kf3 Kg6 43. Ke4 Nd8 44.
Bc5 Re6+ 45. Kd5 Kf5 46. f3 Re5+ 47. Kd6 Nb7+ 48. Kc6 Nxc5 49. f4 Nb3 0-1